 Dungeon Crawl Stone Soup version 0.30-a0-948-g4fa250aae5 (webtiles) character file.

Game seed: 8745047711074904021

510 voltaire321 the Chiller (level 6, 0/42 (46) HPs)
             Began as a Demonspawn Ice Elementalist on Mar 27, 2023.
             Slain by a wight
             ... wielding a +3 dire flail
              (1 damage)
             ... on level 5 of the Dungeon.
             The game lasted 00:14:06 (3622 turns).

voltaire321 the Chiller (DsIE)                      Turns: 3622, Time: 00:14:06

HP:   0/42 (46)     AC:  8    Str: 15    XL:     6   Next: 98%
MP:   10/11         EV: 13    Int: 18    God:
Gold: 304           SH:  0    Dex: 13    Spells: 5/12 levels left

rFire   . . .      SeeInvis .    x - +4 spear "Haguhis" {freeze, Fly rPois rN+ Will+++}
rCold   + . .      Faith    .    (no shield)
rNeg    + . .      Spirit   .    B - +1 ring mail {rC+}
rPois   +          Reflect  .    r - +0 hat
rElec   .          Rampage  .    (no cloak)
rCorr   .                        n - +1 pair of gloves
Will    +++..                    (no boots)
Stlth   +                        (no amulet)
HPRegen 0.27/turn                h - ring of wizardry
MPRegen 0.12/turn                p - +6 ring of strength

@: about to teleport, flying, drained
A: antennae 1, repulsion field 1, powered by pain 2
a: no special abilities


You were on level 5 of the Dungeon.
You visited 1 branch of the dungeon, and saw 5 of its levels.

You collected 304 gold pieces.

Inventory:

Hand Weapons
 v - a +1 short sword of venom
 w - a +3 mace of protection
 x - the +4 spear "Haguhis" (weapon) {freeze, Fly rPois rN+ Will+++}
   (You found it on level 4 of the Dungeon)

   rPois:     It protects you from poison.
   rN:        It protects you from negative energy.
   Fly:       It grants you flight.
   Will:      It greatly increases your willpower.
Armour
 n - a +1 pair of gloves (worn)
 r - a +0 hat (worn)
 B - a +1 ring mail of cold resistance (worn)
Jewellery
 f - an amulet of guardian spirit
 h - a ring of wizardry (left hand)
 p - a +6 ring of strength (right hand)
Wands
 u - a wand of polymorph (7)
 y - a wand of digging (5)
Scrolls
 c - 6 scrolls of identify
 k - a scroll of torment {unknown}
 l - a scroll of enchant weapon
 o - a scroll of fog {unknown}
 t - a scroll of enchant armour
 z - a scroll of fear {unknown}
Potions
 b - a potion of magic
 d - a potion of mutation {unknown}
 j - 3 potions of curing
 q - a potion of lignification {unknown}
 s - a potion of cancellation {unknown}
 A - a potion of degeneration {unknown}


   Skills:
 + Level 2.9 Fighting
 + Level 0.9 Polearms
 + Level 2.1 Armour
 + Level 3.3 Dodging
 - Level 1.7 Stealth
 + Level 3.5 Spellcasting
 + Level 4.7 Ice Magic
 + Level 0.9 Evocations


You had 5 spell levels left.
You knew the following spells:

 Your Spells              Type           Power      Damage    Failure   Level
a - Freeze                Ice            80%        1d9       1%          1
b - Frozen Ramparts       Ice            40%        1d7       5%          3
c - Ozocubu's Armour      Ice            20%        N/A       5%          3

Your spell library contained the following spells:

 Spells                   Type           Power      Damage    Failure   Level
 Inner Flame              Hex/Fire       3%         N/A       32%         3
 Summon Ice Beast         Ice/Summ       11%        N/A       41%         4
 Cause Fear               Hex            1%         N/A       71%         4
 Discord                  Hex            1%         N/A       100%        8


Dungeon Overview and Level Annotations

Branches:
Dungeon (5/15)
 Temple: D:4-7

Altars:


Innate Abilities, Weirdness & Mutations

You have a pair of small antennae on your head.
You are surrounded by a mild repulsion field. (EV +2)
You sometimes gain power by taking damage.


Message History

The wight hits you with a +3 dire flail.
You partially resist.
You feel drained.
The wall freezes the wight but does no damage.
You hit the wight.
The wight is severely damaged.
The wall freezes the wight but does no damage.
The wight completely resists.
The wall freezes the wight but does no damage.
The wight completely resists.
The wall freezes the wight but does no damage.
The wight closely misses you.
You barely miss the wight.
The wight is severely damaged.
The frozen ramparts melt away.
The wight hits you with a +3 dire flail!
* * * LOW HITPOINT WARNING * * *
You feel better. The wight misses you.
You hit the wight but do no damage.
The wight is severely damaged.
The wight hits you but does no damage. The wight attacks as you move away!
The wight hits you with a +3 dire flail.
* * * LOW HITPOINT WARNING * * *
You partially resist.
You feel drained. The wight attacks as you move away!
The wight closely misses you. The wight attacks as you move away!
The wight hits you with a +3 dire flail!
* * * LOW HITPOINT WARNING * * *
You hear the slow rusting of a very distant drain.
You closely miss the wight.
The wight is severely damaged.
The wight barely misses you.
As you read the scroll of teleportation, it crumbles to dust.
You feel strangely unstable.
The wight hits you with a +3 dire flail.
* * * LOW HITPOINT WARNING * * *
The wight attacks as you move away! The wight barely misses you.
The wight attacks as you move away!
The wight hits you with a +3 dire flail.
You die...

#......z....#
#.###.#####.# .. #.##
..# #..# #. ##.## #
#z.## ######8z8######
.......z.......
.......@.......
.○.............
..○............
...........○..○
.......^....○°.
..°○...........
...............
........#...............
........#


You could see 3 wights.

Vanquished Creatures
  A water moccasin (D:4)
  A phantom (D:4)
  A hound (D:4)
  An orc priest (D:3)
  2 iguanas (D:4)
  3 orc wizards
  2 adders
  A white imp (D:4)
  A worm (D:2)
  5 dart slugs
  10 orcs
  12 ball pythons
  5 bats
  8 endoplasms
  3 giant cockroaches
  15 hobgoblins
  4 quokkas
  2 frilled lizards
  7 goblins
  8 kobolds
  10 rats
102 creatures vanquished.

Notes
Turn   | Place    | Note
-------+----------+-------------------------------------------
     0 | D:1      | voltaire321 the Demonspawn Ice Elementalist began the quest
                  | for the Orb.
     0 | D:1      | Reached XP level 1. HP: 13/13 MP: 3/3
   168 | D:1      | Gained mutation: You sometimes gain a little power by
                  | taking damage. [demonic ancestry]
   168 | D:1      | Reached XP level 2. HP: 20/20 MP: 5/5
   308 | D:1      | Reached skill level 1 in Fighting
   393 | D:1      | Reached XP level 3. HP: 25/26 MP: 2/6
   545 | D:1      | Learned a level 3 spell: Frozen Ramparts
  1059 | D:2      | Reached skill level 4 in Ice Magic
  1290 | D:2      | Gained mutation: You are surrounded by a mild repulsion
                  | field. (EV +2) [demonic ancestry]
  1290 | D:2      | Reached XP level 4. HP: 32/32 MP: 4/7
  1834 | D:3      | Learned a level 3 spell: Ozocubu's Armour
  2156 | D:3      | Gained mutation: You have a pair of small antennae on your
                  | head. [demonic ancestry]
  2156 | D:3      | Reached XP level 5. HP: 38/38 MP: 4/9
  2162 | D:3      | Reached skill level 1 in Armour
  2776 | D:4      | Noticed a phantom
  2805 | D:4      | Killed a phantom
  2806 | D:4      | Gained mutation: You sometimes gain power by taking damage.
                  | [demonic ancestry]
  2806 | D:4      | Reached XP level 6. HP: 46/46 MP: 6/11
  2817 | D:4      | Identified the +4 spear "Haguhis" {freeze, Fly rPois rN+
                  | Will+++}
  3385 | D:4      | Noticed a water moccasin
  3392 | D:4      | Killed a water moccasin
  3569 | D:5      | Entered Level 5 of the Dungeon
  3618 | D:5      | HP: 2/42 [wight/+3 dire flail (9)]
  3622 | D:5      | Slain by a wight

Illustrated notes

Levels and vault maps discovered:
D:1:      scummos_arrival_gate, layout_rooms
D:2:      layout_loops_ring, roderic_lattice_a, dreamdust_wishing_well,
          minmay_indecisive_spiral
D:3:      layout_rooms
D:4:      layout_loops_ring
D:5:      layout_basic, yredelemnul_altar_generic, lemuel_temple_firewalk_b,
          portal_sewer_entry_e, nicolae_figureground_pulse

Skill      XL: |  1  2  3  4  5  6 |
---------------+-------------------+-----
Dodging        | 2 3 |  3.3
Fighting       | 1 2 |  2.9
Ice Magic      | 4 |  4.7
Armour         | 1 2 |  2.1
Spellcasting   | 3 |  3.5
Polearms       | |  0.9
Stealth        | |  1.7
Evocations     | |  0.9

Action                     |  1- 3 |  4- 6 || total
---------------------------+-------+-------++-------
  Melee: Unarmed           |     6 |       ||     6
         Dagger            |    34 |    51 ||    85
         Punch             |     1 |       ||     1
         Mace              |       |    22 ||    22
         Spear             |       |    52 ||    52
   Fire: Sling             |    35 |       ||    35
   Cast: Freeze            |    42 |    37 ||    79
         Frozen Ramparts   |       |    11 ||    11
         Ozocubu's Armour  |       |     2 ||     2
    Use: Scroll            |       |     6 ||     6
         Potion            |       |     2 ||     2
   Stab: Sleeping          |     7 |     5 ||    12
 Armour: Robe              |     8 |    33 ||    41
         Ring mail         |       |     2 ||     2
  Dodge: Dodged            |    59 |    73 ||   132

Table legend: (Time is in decaauts)
 A = Elapsed time spent in this place.
 B = Non-inter-level travel time spent in this place.
 C = Inter-level travel time spent in this place.
 D = Time resting spent in this place.
 E = Time spent auto-exploring this place.
 F = Levels seen in this place.
 G = Mean time per level.
                   A        B        C        D        E       F      G
               +--------+--------+--------+--------+--------+-----+--------+
         Total |   3646 |   3579 |     67 |    288 |   2324 |   5 |  729.2 |
       Dungeon |   3646 |   3579 |     67 |    288 |   2324 |   5 |  729.2 |
               +--------+--------+--------+--------+--------+-----+--------+

Top non-repeatable levels by time:
     D:2: 1109 daAuts
     D:4: 1094 daAuts
     D:1: 776 daAuts
     D:3: 628 daAuts
     D:5: 37 daAuts
